 Dungeon Crawl Stone Soup version 0.30-a0-377-g5cb311bc9f (webtiles) character file.

Game seed: 7925728304014631169

23 qeuew the Conjurer (level 2, -1/10 (19) HPs)
             Began as a Demonspawn Reaver on Nov 28, 2022.
             Slain by an adder (3 damage)
             ... on level 2 of the Dungeon.
             The game lasted 00:01:23 (781 turns).

qeuew the Conjurer (Demonspawn Reaver)               Turns: 781, Time: 00:01:23

HP:   -1/10 (19)    AC:  3    Str: 16    XL:     2   Next: 72%
MP:   5/5           EV: 11    Int: 13    God:
Gold: 58            SH:  0    Dex: 10    Spells: 4/5 levels left

rFire   . . .      SeeInvis .    a - +0 hand axe
rCold   . . .      Faith    .    (no shield)
rNeg    . . .      Spirit   .    b - +0 leather armour
rPois   .          Reflect  .    (no helmet)
rElec   .          Harm     .    (no cloak)
rCorr   .          Rampage  .    (no gloves)
Will    .....      Clarity  +    (no boots)
Stlth   +.........               (no amulet)
HPRegen 0.21/turn                (no ring)
MPRegen 0.09/turn                (no ring)

@: lethally poisoned (-1 -> -4), very heavily drained
A: demonic magic 1, clarity, frail 1, strong 1
a: no special abilities


You were on level 2 of the Dungeon.
You visited 1 branch of the dungeon, and saw 2 of its levels.

You collected 58 gold pieces.

Inventory:

Hand Weapons
 a - a +0 hand axe (weapon)
Armour
 b - a +0 leather armour (worn)
Potions
 c - a potion of might {unknown}
 f - a potion of mutation


   Skills:
 + Level 2.1 Fighting
 + Level 2.9 Axes
 + Level 0.5 Armour
 + Level 2.0 Dodging
 + Level 2.2 Spellcasting
 + Level 3.1 Conjurations
 + Level 0.5 Necromancy


You had 4 spell levels left.
You knew the following spells:

 Your Spells              Type           Power      Damage    Failure   Level
a - Kiss of Death         Conj/Necr      24%        2d7       14%         1

Your spell library contained the following spells:

 Spells                   Type           Power      Damage    Failure   Level
 Momentum Strike          Conj/Tloc      10%        3d8       24%         2
 Hailstorm                Conj/Ice       5%         3d4       43%         3


Dungeon Overview and Level Annotations

Branches:
Dungeon (2/15)

Altars:

Annotations:
D:2 Sigmund


Innate Abilities, Weirdness & Mutations

Spells you cast may paralyse adjacent enemies.
You possess an exceptional clarity of mind.
You are frail. (-10% HP)
Your muscles are strong. (Str +4, Int/Dex -1)


Message History

You hit the quokka.
The quokka is lightly wounded.
The quokka closely misses you. The quokka completely misses you.
You hit the quokka.
You kill the quokka!
Your Dodging skill increases to level 2!
No target in view!
No target in view!
No target in view!
Okay, then.
Sigmund the Dreaded comes into view.
He is wielding a +0 scythe, wearing a +1 robe of resistance and carrying a wand of flame (25).
Found a hammer.
You see here a quokka corpse.
Sigmund is nearby!
Sigmund casts a spell.
Sigmund flickers and vanishes!
Deactivating autopickup; reactivate with Ctrl-A.
You hear an angry hiss.
No target in view!
No target in view!
No target in view!
No target in view!
Unknown command.
An adder comes into view.
You see here a quokka corpse.
You hear a zap.
A puff of flame appears from out of thin air!
The puff of flame hits you. The adder bites you. The adder bites you.
The adder attacks as you move away! The adder misses you. The adder misses you.
The adder bites you.
You are lethally poisoned!
The adder poisons you! The adder attacks as you move away!
The adder barely misses you.
You feel sick.
* * * LOW HITPOINT WARNING * * *
You feel sick.
* * * LOW HITPOINT WARNING * * *
You feel sick. The adder bites you.
You die...

......##.# #.# ..... #.#
#.#.# ...#####.# #.#.#
..†......######.#.###
...#.........##.#...#
............{.@..##.#
..###........##..##.# ..#
#.#########S.##.# ♣P♣ #.#
#.@##.#######.# P)♣ #.#
#......)..<...# )♣♣
#.##########.##.#########
#.#..........##.# #.
.###########.. .... .....
....... ...#####


You could see Sigmund and an adder.

Vanquished Creatures
  A ball python (D:1)
  2 endoplasms (D:1)
  2 giant cockroaches (D:1)
  4 kobolds (D:1)
  A quokka (D:2)
  2 frilled lizards (D:1)
  6 goblins
  A rat (D:1)
19 creatures vanquished.

Notes
Turn   | Place    | Note
-------+----------+-------------------------------------------
     0 | D:1      | qeuew the Demonspawn Reaver began the quest for the Orb.
     0 | D:1      | Reached XP level 1. HP: 16/16 MP: 3/3
   123 | D:1      | Gained mutation: Spells you cast may paralyse adjacent
                  | enemies. [demonic ancestry]
   123 | D:1      | Reached XP level 2. HP: 7/16 MP: 5/5
   664 | D:1      | Gained mutation: Your muscles are strong. (Str +4, Int/Dex
                  | -1) [potion of mutation]
   664 | D:1      | Gained mutation: You are frail. (-10% HP) [potion of
                  | mutation]
   664 | D:1      | Gained mutation: You possess an exceptional clarity of
                  | mind. [potion of mutation]
   760 | D:2      | Noticed Sigmund
   781 | D:2      | Slain by an adder

Illustrated notes

Levels and vault maps discovered:
D:1:      dpeg_arrival_line_fractal, layout_basic, wad_floor_pattern_untrapped,
          hangedman_abyss_or_decor_stabs
D:2:      layout_basic, basic_altar, columned_hall_lemuel, grunt_ministairs_14,
          uniq_natasha, uniq_sigmund, uniq_crazy_yiuf_cottage

Skill      XL: |  1  2 |
---------------+-------+-----
Dodging        | 2 |  2.0
Fighting       | |  2.1
Axes           | |  2.9
Armour         | |  0.5
Spellcasting   | |  2.2
Conjurations   | |  3.1
Necromancy     | |  0.5

Action                   || total
-------------------------++-------
Melee: Hand axe          ||    48
       Punch             ||     1
 Cast: Kiss of Death     ||     4
  Use: Potion            ||     3
       Scroll            ||     2
Armor: Leather armour    ||    12
Dodge: Dodged            ||    21

Table legend: (Time is in decaauts)
 A = Elapsed time spent in this place.
 B = Non-inter-level travel time spent in this place.
 C = Inter-level travel time spent in this place.
 D = Time resting spent in this place.
 E = Time spent auto-exploring this place.
 F = Levels seen in this place.
 G = Mean time per level.
                   A        B        C        D        E       F      G
               +--------+--------+--------+--------+--------+-----+--------+
         Total |    788 |    776 |     12 |     28 |    595 |   2 |  394.0 |
       Dungeon |    788 |    776 |     12 |     28 |    595 |   2 |  394.0 |
               +--------+--------+--------+--------+--------+-----+--------+

Top non-repeatable levels by time:
     D:1: 713 daAuts
     D:2: 75 daAuts
